 Dungeon Crawl Stone Soup version 0.31.0-11-ge490571c62 (webtiles) character file.

Game seed: 3775332348589418861

478 qw the Skirmisher (level 6, -1/35 HPs)
             Began as a Deep Elf Hunter on Feb 4, 2024.
             Incinerated by a bombardier beetle (3 damage)
             ... with a burning spray
             ... on level 3 of the Dungeon.
             The game lasted 00:01:45 (2396 turns).

qw the Skirmisher (Deep Elf Hunter)                 Turns: 2396, Time: 00:01:45

Health: -1/35      AC:  8    Str: 10    XL:     6   Next: 85%
Magic:  8/8        EV: 26    Int: 14    God:
Gold:   115        SH:  0    Dex: 18    Spells: 5/5 levels left

rFire   . . .        c - +2 triple crossbow (freeze)
rCold   . . .        (shield currently unavailable)
rNeg    + . .        i - +0 ring mail
rPois   .            (no helmet)
rElec   .            (no cloak)
rCorr   .            (no gloves)
SInv    .            e - +2 pair of boots
Will    .....        b - dreamdust necklace {Acrobat}
Stlth   +            l - ring of positive energy
HPRegen 0.25/turn    (no ring)
MPRegen 0.11/turn

%: acrobat
@: on fire, acrobatic, glowing
A: no striking features
a: no special abilities


You were on level 3 of the Dungeon.
You visited 1 branch of the dungeon, and saw 3 of its levels.

You collected 115 gold pieces.


   Skills:
 - Level 2.0 Fighting
 + Level 10.2 Ranged Weapons
 - Level 1.2 Armour
 - Level 3.0 Dodging
 - Level 1.2 Stealth


You had 5 spell levels left.
You didn't know any spells.
Your spell library was empty.

Inventory:

Hand Weapons
 c - a +2 triple crossbow of freezing (weapon)
Armour
 e - a +2 pair of boots (worn)
 i - a +0 ring mail (worn)
 k - a +0 pair of gloves
Jewellery
 b - the dreamdust necklace (around neck) {Acrobat}
   (You found it on level 2 of the Dungeon)

   [amulet of the acrobat]

   Acrobat:   It increases your evasion while moving and waiting.
 l - a ring of positive energy (left hand)
Scrolls
 f - a scroll of identify
 h - a scroll of fear {unknown}
Potions
 a - a potion of curing {unknown}
 d - a potion of ambrosia {unknown}
 g - a potion of heal wounds
 j - a potion of lignification {unknown}
 m - a potion of degeneration {unknown}

Dungeon Overview and Level Annotations

Branches:
Dungeon (3/15)

Altars:
Sif Muna
Zin


Message History

2375 ||| FLEEEEING.
You start resting.
A bombardier beetle is nearby!
2377 ||| FLEEEEING.
You start resting.
A bombardier beetle is nearby!
2379 ||| FLEEEEING.
You start resting.
A bombardier beetle is nearby!
You shoot a bolt. The bolt hits the bombardier beetle.
The bolt freezes the bombardier beetle.
The bombardier beetle is lightly wounded.
You shoot a bolt. The bolt hits the bombardier beetle.
The bolt freezes the bombardier beetle.
The bombardier beetle is moderately wounded.
The bombardier beetle sprays incendiary fluid at you.
The burning spray hits you.
You are covered in liquid fire!
You shoot a bolt.
The bolt barely misses the bombardier beetle.
The liquid fire burns you!
The bombardier beetle bites you but does no damage.
You shoot a bolt.
The bolt barely misses the bombardier beetle.
The liquid fire burns you!
The bombardier beetle bites you but does no damage.
The bombardier beetle sprays incendiary fluid at you.
The burning spray hits you.
You are even more covered in liquid fire!
You shoot a bolt. The bolt hits the bombardier beetle!
The bolt freezes the bombardier beetle.
You kill the bombardier beetle!
The liquid fire burns you!
You are on fire!
The liquid fire burns you!
You are on fire!
The liquid fire burns you!
You are on fire!
The liquid fire burns you!
You die...

#...B..................
#......................
#......................
#......................
#...........)..........
####.#.##.)####...###.#
#...##)## #..## #..
###.###.#####..####.#
##...@<#.....#........
##.......).............
#......................
#......................
#.....................#
#...............<.....#
#...........~.........#
##.........~.~........#
##.....#.......#..##.%


There were no monsters in sight!

Vanquished Creatures
  Grinder (D:3)
  A bombardier beetle (D:3)
  A jelly (D:3)
  An orc wizard (D:3)
  Terence (D:2)
  8 adders
  2 dart slugs (D:3)
  8 orcs (D:3)
  8 ball pythons
  6 endoplasms
  4 giant cockroaches
  8 goblins
  10 hobgoblins
  8 jackals (D:3)
  A quokka (D:2)
  2 bats (D:2)
  9 kobolds
  3 rats
82 creatures vanquished.

Notes
Turn   | Place    | Note
-------+----------+-------------------------------------------
     0 | D:1      | qw the Deep Elf Hunter began the quest for the Orb.
     0 | D:1      | Reached XP level 1. HP: 12/12 MP: 3/3
     0 | D:1      | 0 ||| qw: Version: 0.3-a-160-g6735b56
     0 | D:1      | 0 ||| qw: Game counter: 6043
     0 | D:1      | 0 ||| qw: Melee chars always use a shield: true
     0 | D:1      | 0 ||| qw: God list: Okawaru
     0 | D:1      | 0 ||| qw: Allow faded altars: false
     0 | D:1      | 0 ||| qw: Do Orc after clearing Dungeon:15 true
     0 | D:1      | 0 ||| qw: Do second Lair branch before Depths: true
     0 | D:1      | 0 ||| qw: Lair rune preference: random
     0 | D:1      | 0 ||| qw: Goals: Normal
     0 | D:1      | 0 ||| PLANNING D:1-11
   153 | D:1      | Reached XP level 2. HP: 16/16 MP: 4/4
   158 | D:1      | Reached skill level 6 in Ranged Weapons
   638 | D:1      | 638 ||| UPGRADING to +0 pair of boots.
   643 | D:1      | 643 ||| UPGRADING to +0 scale mail.
   653 | D:1      | 653 ||| DROPPING +0 leather armour.
   654 | D:1      | 654 ||| UPGRADING to ring of positive energy.
   655 | D:1      | 655 ||| READING 2 scrolls labelled AHOYNY PALARA NUMA.
   655 | D:1      | 655 ||| ENCHANTING +0 shortbow.
   656 | D:1      | 656 ||| READING scroll of enchant weapon.
   656 | D:1      | 656 ||| ENCHANTING +1 shortbow.
   657 | D:1      | 657 ||| READING scroll labelled CEOGAR ACETIORCH.
   657 | D:1      | 657 ||| ENCHANTING +0 pair of boots.
   658 | D:1      | 658 ||| READING scroll labelled BEUDIEWAHI.
   662 | D:1      | 662 ||| READING scroll labelled CUUKKU QIUPPO.
   663 | D:1      | 663 ||| READING scroll labelled ZOALURRISS.
   663 | D:1      | 663 ||| IDENTIFYING ruby potion
   664 | D:1      | 664 ||| DROPPING scroll of butterflies.
   711 | D:2      | Found the dreamshard necklace {Acrobat *Dream}
   729 | D:2      | Reached XP level 3. HP: 20/20 MP: 5/5
   849 | D:2      | Noticed Terence
   861 | D:2      | Killed Terence
   862 | D:2      | Reached skill level 7 in Ranged Weapons
   905 | D:2      | Reached XP level 4. HP: 25/25 MP: 6/6
  1418 | D:2      | Found a faded altar of an unknown god.
  1548 | D:2      | Reached skill level 8 in Ranged Weapons
  1657 | D:2      | 1657 ||| READING scroll of enchant armour.
  1657 | D:2      | 1657 ||| ENCHANTING +1 pair of boots.
  1692 | D:2      | 1692 ||| UPGRADING to +0 ring mail.
  1702 | D:2      | 1702 ||| DROPPING +0 scale mail.
  1703 | D:2      | 1703 ||| UPGRADING to dreamshard necklace {Acrobat *Dream}.
  1708 | D:2      | 1708 ||| DROPPING ring of magical power.
  1709 | D:2      | 1709 ||| READING scroll labelled NOCREE ELOI.
  1709 | D:2      | 1709 ||| BRANDING +2 shortbow.
  1710 | D:2      | 1710 ||| READING scroll labelled GIOLAI INIL.
  1710 | D:2      | Identified a scroll of acquirement
  1710 | D:2      | 1710 ||| ACQUIRING +2 triple crossbow of freezing
  1710 | D:2      | Acquired a +2 triple crossbow of freezing
  1712 | D:2      | 1712 ||| SWAPPING to +2 triple crossbow of freezing.
  1713 | D:2      | 1713 ||| DROPPING +2 shortbow of flaming.
  1714 | D:2      | 1714 ||| READING scroll labelled BETSEC FECON.
  1716 | D:2      | 1716 ||| Stepping ~*~*~tactically~*~*~ (cloud).
  1719 | D:2      | HP: 5/25 [poisoned by you (poison gas)]
  1722 | D:2      | HP: 2/25 [poisoned by you (poison gas)]
  1724 | D:2      | Saved by the dreamshard amulet
  1854 | D:3      | Noticed Grinder
  1856 | D:3      | 1856 ||| STAIRDANCE
  1862 | D:3      | 1862 ||| STAIRDANCE
  1862 | D:3      | Paralysed by Grinder for 2 turns
  1864 | D:3      | 1864 ||| STAIRDANCE
  1872 | D:3      | Paralysed by Grinder for 4 turns
  1876 | D:3      | Killed Grinder
  1877 | D:3      | Reached skill level 9 in Ranged Weapons
  1877 | D:3      | Reached XP level 5. HP: 29/29 MP: 7/7
  1877 | D:3      | Reached XP level 6. HP: 34/34 MP: 8/8
  1904 | D:3      | HP: 8/35 [orc/+0 hand axe (3)]
  1905 | D:3      | 1905 ||| DRINKING 2 potions of heal wounds.
  1907 | D:3      | Reached skill level 10 in Ranged Weapons
  1916 | D:3      | Reached skill level 3 in Dodging
  2053 | D:3      | Found a shimmering blue altar of Sif Muna.
  2121 | D:3      | Found a glowing silver altar of Zin.
  2276 | D:3      | Reached skill level 1 in Armour
  2355 | D:3      | 2355 ||| FLEEEEING.
  2356 | D:3      | 2356 ||| FLEEEEING.
  2357 | D:3      | 2357 ||| FLEEEEING.
  2358 | D:3      | 2358 ||| FLEEEEING.
  2359 | D:3      | 2359 ||| FLEEEEING.
  2360 | D:3      | 2360 ||| FLEEEEING.
  2362 | D:3      | 2362 ||| FLEEEEING.
  2363 | D:3      | 2363 ||| FLEEEEING.
  2365 | D:3      | 2365 ||| FLEEEEING.
  2367 | D:3      | 2367 ||| FLEEEEING.
  2368 | D:3      | 2368 ||| FLEEEEING.
  2370 | D:3      | 2370 ||| FLEEEEING.
  2372 | D:3      | 2372 ||| FLEEEEING.
  2374 | D:3      | 2374 ||| FLEEEEING.
  2375 | D:3      | 2375 ||| FLEEEEING.
  2377 | D:3      | 2377 ||| FLEEEEING.
  2379 | D:3      | 2379 ||| FLEEEEING.
  2393 | D:3      | HP: 8/35 [burnt (9)]
  2395 | D:3      | HP: 2/35 [burnt (3)]
  2396 | D:3      | Incinerated by a bombardier beetle

Levels and vault maps discovered:
D:1:      minmay_arrival_loop, layout_loops_ring, dreamdust_princess_corridor,
          minmay_misc_feat_secret_circle, item_on_display_a
D:2:      layout_basic, shapermc_ecumenical_altar_hornbeckon, uniq_terence
D:3:      cheibrodos_greedy_goblins, layout_rooms, lemuel_round_altar,
          mainiacjoe_overflow_swirl, kennysheep_big_empty_room,
          chequers_serial_rivers_micro_c, chequers_serial_rivers_micro_e,
          wad_floor_pattern_1, uniq_grinder

Skill      XL: |  1  2  3  4  5  6 |
---------------+-------------------+-----
Ranged Weapons | 6 7 9 10 | 10.2
Fighting       | 2 |  2.0
Dodging        | 3 |  3.0
Armour         | 1 |  1.2
Stealth        | |  1.2

Action                     |  1- 3 |  4- 6 || total
---------------------------+-------+-------++-------
   Fire: Shortbow          |   100 |    48 ||   148
         Triple crossbow   |       |    75 ||    75
    Use: Scroll            |     6 |     4 ||    10
         Potion            |       |     1 ||     1
 Armour: Leather armour    |    13 |       ||    13
         Scale mail        |     9 |    20 ||    29
         Ring mail         |       |   130 ||   130
  Dodge: Dodged            |    24 |   155 ||   179

Table legend:
 A = Non-vault XP
 B = Vault XP
 C = Vault XP percentage of total XP
 D = Non-vault monster count
 E = Vault monster count
 F = Vault count percentage of total count
                 A         B        C        D         E       F
            +---------+---------+-------+---------+---------+-------
      Total |     374 |     309 |  45.2 |      80 |       2 |   2.4
            +---------+---------+-------+---------+---------+-------
        D:1 |      36 |       0 |   0.0 |      21 |       0 |   0.0
        D:2 |     110 |      32 |  22.5 |      25 |       1 |   3.8
        D:3 |     228 |     277 |  54.9 |      34 |       1 |   2.9
            +---------+---------+-------+---------+---------+-------
